 Dungeon Crawl Stone Soup version 0.17-a0-1979-g1c74939 (webtiles) character file.

386 shakdrar the Insei (level 6, 0/43 HPs)
             Began as an Octopode Monk on Oct 5, 2015.
             Was a Believer of Kikubaaqudgha.
             Slain by a gnoll sergeant
             ... wielding a +2 spear of venom
              (9 damage)
             ... on level 5 of the Dungeon.
             The game lasted 00:17:41 (5698 turns).

shakdrar the Insei (Octopode Monk)                  Turns: 5698, Time: 00:17:42

Health: 0/43       AC:  1    Str: 10    XL:     6   Next: 78%
Magic:  6/6        EV: 15    Int: 12    God:    Kikubaaqudgha [**....]
Gold:   295        SH:  0    Dex: 17    Spells: 0 memorised, 5 levels left

rFire  . . .     SeeInvis .       - Unarmed
rCold  + . .     Clarity  .     (no shield)
rNeg   . . .     SustAt   .     (helmet restricted)
rPois  .         Gourm    .     (no amulet)
rElec  .         Spirit   .     f - ring of wizardry (curse)
rCorr  .         Warding  .     o - ring of protection from cold
rMut   .         Stasis   .     r - +1 ring of evasion
MR     .....                    (no ring)
Stlth  ++++......               (no ring)
                                (no ring)
                                (no ring)
                                (no ring)

@: lethally poisoned (0 -> -25), not resistant to hostile enchantments, stealthy
A: almost no armour, amphibious, 8 rings, constrict 8, camouflage 1, gelatinous
body 1
a: Receive Corpses, Renounce Religion


You were on level 5 of the Dungeon.
You worshipped Kikubaaqudgha.
Kikubaaqudgha was pleased with you.
You were not hungry.

You visited 1 branch of the dungeon, and saw 5 of its levels.

You collected 295 gold pieces.

Inventory:

Missiles
 c - 29 poisoned needles
Jewellery
 f - a cursed ring of wizardry (left tentacle)
 o - a ring of protection from cold (right tentacle)
 r - a +1 ring of evasion (on tentacle)
Wands
 t - a wand of random effects (19)
 x - a wand of lightning (8)
Scrolls
 b - 2 scrolls of magic mapping
 h - 2 scrolls of identify
 m - 2 scrolls of amnesia
 n - a scroll of blinking
 p - 2 scrolls of immolation
 u - a scroll of remove curse {unknown}
 v - a scroll of noise {unknown}
Potions
 d - 2 potions of curing
 e - a potion of lignification
 j - a potion of poison {unknown}
 q - a potion of agility {unknown}
 s - a potion of brilliance {unknown}
 w - a potion of flight {unknown}
Books
 k - Kikubaaqudgha's Almanac of Evil
   (Kikubaaqudgha gifted it to you on level 2 of the Dungeon)

   Spells                             Type                      Level
   a - Pain                           Necromancy                   1
   b - Corpse Rot                     Necromancy                   2
   c - Sublimation of Blood           Necromancy                   2
   d - Vampiric Draining              Necromancy                   3
   e - Control Undead                 Necromancy                   4
Comestibles
 a - 2 bread rations
 g - 2 fruits
 i - 2 meat rations
 l - 2 beef jerkies


   Skills:
 + Level 4.2 Fighting
 + Level 4.3 Dodging
 + Level 4.7 Stealth
 * Level 5.9 Unarmed Combat


You had 5 spell levels left.
You didn't know any spells.

Dungeon Overview and Level Annotations

Branches:
Dungeon (5/15)             Temple (0/1) D:4

Altars:
Ashenzari
Cheibriados
Fedhas
Kikubaaqudgha
Nemelex Xobeh
Qazlal
Ru
Sif Muna
Trog
Xom
Zin


Innate Abilities, Weirdness & Mutations

You cannot wear most types of armour.
You are amphibious.
You can wear up to eight rings at the same time.
You can use your tentacles to constrict eight enemies at once.
Your skin changes colour to match your surroundings (Stealth).
Your rubbery body absorbs attacks (AC +1).


Message History

The gnoll sergeant hits you but does no damage.
You tentacle-slap the gnoll sergeant but do no damage.
You squeeze the gnoll sergeant.
The gnoll sergeant is moderately wounded.
You constrict the gnoll sergeant.
You feel sick.
The gnoll sergeant hits you with a spear of venom!
You are more poisoned.
You completely miss the gnoll sergeant.
The gnoll sergeant is heavily wounded.
You constrict the gnoll sergeant.
* * * LOW HITPOINT WARNING * * *
You feel sick. The gnoll sergeant misses you.
You tentacle-slap the gnoll sergeant.
The gnoll sergeant is severely wounded.
You constrict the gnoll sergeant.
* * * LOW HITPOINT WARNING * * *
You feel very sick.
The gnoll sergeant hits you with a spear of venom!
You die...
Kikubaaqudgha rasps: "You have failed me!
Welcome... death!"

........._....# ###..g.#
#g .........#....#
#...#### #.
#........#..<## ##.### #.
##......###..### ##..#
#####.
######.###....####..##
#.....
#.###..#..##..#######.###g
#......##.##..............
####...##.#########...####
######@#### ##).##
###.gSg#####..##
#...##......g..#
###'###......g..#
#.....#.........#
###.♣.♣.#.........#
#.'.._..'.....S...#
#.#.♣.♣.#........######
#.#.....#..<.(...#.....


You could see a gnoll sergeant, a gnoll and an adder.

Vanquished Creatures
  A phantom (D:4)
  A giant frog skeleton (D:3)
  A jelly (D:5)
  A worker ant (D:4)
  Natasha (thrice) (D:2 D:4)
  An orc wizard (D:4)
  A gnoll (D:5)
  6 adders
  2 oozes
  A worm (D:3)
  7 orcs (D:4)
  A giant cockroach (D:1)
  4 hobgoblins
  7 kobolds
  5 quokkas
  A ball python (D:2)
  7 bats
  5 giant geckos
  5 giant newts
  4 goblins
  12 jackals
  6 rats
82 creatures vanquished.

Notes
Turn   | Place    | Note
--------------------------------------------------------------
     0 | D:1      | shakdrar the Octopode Monk began the quest for the Orb.
     0 | D:1      | Reached XP level 1. HP: 16/16 MP: 1/1
   158 | D:1      | Reached XP level 2. HP: 15/21 MP: 2/2
   627 | D:1      | Reached XP level 3. HP: 26/26 MP: 3/3
  1921 | D:2      | Noticed Natasha
  1933 | D:2      | Killed Natasha
  1933 | D:2      | Reached XP level 4. HP: 10/31 MP: 4/4
  2190 | D:2      | Found a blossoming altar of Fedhas.
  2190 | D:2      | Found a shimmering altar of Xom.
  2191 | D:2      | Found a sparkling altar of Nemelex Xobeh.
  2191 | D:2      | Found an ancient bone altar of Kikubaaqudgha.
  2192 | D:2      | Found a snail-covered altar of Cheibriados.
  2193 | D:2      | Found a sacrificial altar of Ru.
  2199 | D:2      | Became a worshipper of Kikubaaqudgha
  2199 | D:2      | Acquired Kikubaaqudgha's first power
  2199 | D:2      | Received a gift from Kikubaaqudgha
  2199 | D:2      | Acquired Kikubaaqudgha's second power
  2200 | D:2      | Identified Kikubaaqudgha's Almanac of Evil (Kikubaaqudgha gifted it to you on level 2 of the Dungeon)
  3046 | D:3      | Found a bloodstained altar of Trog.
  3094 | D:3      | Reached XP level 5. HP: 30/36 MP: 5/5
  3304 | D:4      | Found a staircase to the Ecumenical Temple.
  3332 | D:4      | Noticed Natasha
  3354 | D:4      | Killed Natasha
  3354 | D:4      | Reached skill level 5 in Unarmed Combat
  3438 | D:4      | Noticed Natasha
  3443 | D:4      | Killed Natasha
  3959 | D:4      | Noticed a phantom
  4613 | D:4      | Reached XP level 6. HP: 9/43 MP: 6/6
  4868 | D:4      | Found a deep blue altar of Sif Muna.
  4894 | D:4      | Found a glowing silver altar of Zin.
  5011 | D:4      | Killed a phantom
  5159 | D:5      | Entered Level 5 of the Dungeon
  5159 | D:5      | Found a shattered altar of Ashenzari.
  5277 | D:5      | Found a stormy altar of Qazlal.
  5698 | D:5      | Slain by a gnoll sergeant

Vault maps used:
D:1:      mrwooster_arrival_arrow, st_stairs_5
D:2:      grunt_temple_overflow_open, uniq_natasha
D:3:      kennysheep_cross_room, trog_book
D:4:      zin_treasury, overflow_temple_1_default, minmay_temple_entry_grid
D:5:      kennysheep_little_box, cheibrodos_ashenzari_chains, serial_shops,
          shop, first_bread, nicolae_zen_rock_garden, serial_bayou_pond_e,
          st_stairs_7

Action                   |  1- 3 |  4- 6 || total
-------------------------+-------+-------++-------
Melee: Unarmed           |    68 |   166 ||   234
  Use: Scroll            |     5 |     7 ||    12
       Potion            |       |     2 ||     2
 Stab: Sleeping          |    10 |    11 ||    21
  Eat: Chunk             |     3 |     7 ||    10
       Bread ration      |       |     1 ||     1
